 Dungeon Crawl Stone Soup version 0.27-a0-1332-g84bddb5ca7 (webtiles) character file.

Game seed: 514704209216362410

140612 tilp the Convoker (level 17, -1/133 HPs)
             Began as a Barachi Summoner on June 24, 2021.
             Was the Champion of Okawaru.
             Killed from afar by a salamander tyrant (39 damage)
             ... on level 3 of the Snake Pit on June 25, 2021.
             The game lasted 01:41:02 (54400 turns).

tilp the Convoker (Barachi Summoner)               Turns: 54400, Time: 01:41:02

Health: -1/133     AC: 20    Str: 16    XL:     17   Next: 31%
Magic:  5/29       EV: 18    Int: 22    God:    Okawaru [******]
Gold:   1357       SH:  5    Dex: 20    Spells: 5/32 levels left

rFire    . . .     SeeInvis +   a - +10 glaive of the Messenger {vorpal, rElec Dex+4 SInv}
rCold    . . .     Faith    .   (shield currently unavailable)
rNeg     . . .     Spirit   .   m - +1 scale mail of Zerik {Regen+ Int+3 Dex+3}
rPois    +         Reflect  +   y - +2 helmet {Int+3}
rElec    +         Harm     .   L - +2 cloak
rCorr    .         Rampage  .   g - +2 pair of gloves
Will     ++...                  D - +1 pair of boots {Fly}
Stlth    ++........             x - amulet of reflection
HPRegen  1.32/turn              c - ring of poison resistance
MPRegen  0.21/turn              v - ring "Quaren" {Will+ EV+4}

@: weakened, unable to hop, flying, slow
A: amphibious, slowness 1, strong legs 2, +LOS
a: Hop, Renounce Religion, Heroism, Finesse


You were on level 3 of the Snake Pit.
You worshipped Okawaru.
Okawaru was exalted by your worship.
You visited 6 branches of the dungeon, and saw 30 of its levels.

You collected 3107 gold pieces.
You spent 1750 gold pieces at shops.

Inventory:

Hand Weapons
 a - the +10 glaive of the Messenger (weapon) {vorpal, rElec Dex+4 SInv}
   (You took it off a fenstrider witch on level 3 of the Swamp)

   It inflicts extra damage upon your enemies.
   It affects your dexterity (+4).
   It insulates you from electricity.
   It lets you see invisible.
 X - a +6 vorpal bardiche
Missiles
 p - 150 poisoned darts (quivered)
 G - 17 curare-tipped darts
 P - 4 throwing nets
Armour
 e - a +2 pair of boots
 g - a +2 pair of gloves (worn)
 m - the +1 scale mail of Zerik (worn) {Regen+ Int+3 Dex+3}
   (Okawaru gifted it to you on level 6 of the Lair of Beasts)

   It affects your intelligence (+3).
   It affects your dexterity (+3).
   It increases your rate of health regeneration.
 y - a +2 helmet of intelligence (worn)
 D - a +1 pair of boots of flying (worn)
 L - a +2 cloak (worn)
 W - +0 swamp dragon scales
Jewellery
 c - a ring of poison resistance (left hand)
 d - a ring of ice
 u - the ring "Kask" {rPois rCorr Int+7 Dex-4}
   (You found it on level 2 of the Swamp)

   [ring of resist corrosion]

   It affects your intelligence (+7).
   It affects your dexterity (-4).
   It protects you from poison.
   It protects you from acid and corrosion.
 v - the ring "Quaren" (right hand) {Will+ EV+4}
   (You found it on level 6 of the Dungeon)

   [ring of evasion]

   It affects your evasion (+4).
   It increases your willpower.
 x - an amulet of reflection (around neck)
 A - an amulet of regeneration
 M - a ring of see invisible
 S - a ring of resist corrosion
 U - a ring of willpower
Wands
 j - a wand of iceblast (17)
 q - a wand of acid (29)
 r - a wand of digging (8)
 t - a wand of polymorph (15)
 B - a wand of flame (63)
 K - a wand of charming (9)
 N - a wand of mindburst (15)
 V - a wand of paralysis (4)
Scrolls
 b - a scroll of silence
 i - 8 scrolls of teleportation
 E - 2 scrolls of fog
 I - a scroll of magic mapping
 T - 2 scrolls of amnesia
 Z - 7 scrolls of identify
Potions
 f - 5 potions of heal wounds
 h - 8 potions of lignification
 l - a potion of berserk rage
 n - 4 potions of cancellation
 o - a potion of haste
 s - a potion of magic
 w - 4 potions of mutation
 z - a potion of might {unknown}
 H - 2 potions of invisibility
 J - 2 potions of attraction
 O - 9 potions of ambrosia
 R - 11 potions of curing
Miscellaneous
 k - a phial of floods
 C - a box of beasts
 Q - a phantom mirror
 Y - a lightning rod (4/4)


   Skills:
 - Level 12.0 Fighting
 - Level 7.8(13.3) Axes
 - Level 15.4(16.0) Polearms
 - Level 6.0 Armour
 - Level 8.0 Dodging
 - Level 4.0 Stealth
 + Level 8.4 Spellcasting
 - Level 4.0 Hexes
 + Level 16.3 Summonings
 - Level 4.0 Translocations
 - Level 4.0 Ice Magic
 - Level 4.0 Air Magic
 - Level 10.0 Invocations
 - Level 8.0 Evocations


You had 5 spell levels left.
You knew the following spells:

 Your Spells              Type           Power      Damage    Failure   Level
c - Call Canine Familiar  Summ           69%        N/A       1%          3
e - Summon Ice Beast      Ice/Summ       52%        N/A       3%          4
f - Summon Lightning Spi  Summ/Air       52%        N/A       3%          4
g - Summon Forest         Summ/Tloc      26%        N/A       10%         5
h - Shadow Creatures      Summ           N/A        N/A       4%          6
i - Summon Mana Viper     Hex/Summ       52%        N/A       10%         5

Your spell library contained the following spells:

 Spells                   Type           Power      Damage    Failure   Level
 Summon Small Mammal      Summ           100%       N/A       1%          1
 Call Imp                 Summ           69%        N/A       1%          2
 Summon Guardian Golem    Hex/Summ       52%        N/A       1%          3
 Apportation              Tloc           52%        N/A       4%          1
 Corona                   Hex            28%        N/A       4%          1
 Ensorcelled Hibernation  Hex/Ice        52%        N/A       7%          2
 Slow                     Hex            26%        N/A       7%          2
 Animate Armour           Summ/Erth      90%        N/A       8%          4
 Shock                    Conj/Air       72%        1d7       10%         1
 Lesser Beckoning         Tloc           13%        N/A       13%         3
 Portal Projectile        Hex/Tloc       52%        N/A       13%         3
 Tukima's Dance           Hex            26%        N/A       13%         3
 Poisonous Vapours        Pois/Air       36%        N/A       16%         2
 Magic Dart               Conj           36%        1d4       22%         1
 Pain                     Necr           36%        1d5       22%         1
 Sting                    Tmut/Pois      36%        1d4       22%         1
 Dazzling Flash           Conj/Hex       36%        N/A       30%         3
 Inner Flame              Hex/Fire       18%        N/A       30%         3
 Searing Ray              Conj           18%        3d3       34%         2
 Mephitic Cloud           Conj/Pois/Air  15%        N/A       36%         3
 Cause Fear               Hex            13%        N/A       41%         4
 Ignite Poison            Fire/Tmut/Pois 9%         N/A       56%         3
 Fulminant Prism          Conj/Hex       9%         3d7       69%         4
 Iskenderun's Mystic Bla  Conj/Tloc      18%        2d6       69%         4
 Leda's Liquefaction      Hex/Erth       9%         N/A       69%         4
 Silence                  Hex/Air        13%        N/A       77%         5
 Olgreb's Toxic Radiance  Pois           9%         N/A       92%         4
 Yara's Violent Unravell  Hex/Tmut       9%         3d6       95%         5
 Alistair's Intoxication  Tmut/Pois      6%         N/A       99%         5
 Borgnjor's Vile Clutch   Necr/Erth      4%         N/A       99%         5
 Fireball                 Conj/Fire      4%         3d4       99%         5
 Summon Hydra             Summ           34%        N/A       24%         7
 Conjure Ball Lightning   Conj/Air       9%         3x3d6     100%        6
 Invisibility             Hex            13%        N/A       100%        6
 Starburst                Conj/Fire      4%         8x6d4     100%        6
 Storm Form               Tmut/Air       9%         N/A       100%        7
 Discord                  Hex            13%        N/A       100%        8
 Ignition                 Fire           4%         3d4       100%        8


Dungeon Overview and Level Annotations

Branches:
Dungeon (15/15)            Temple (1/1) D:6            Lair (6/6) D:9
  Swamp (3/4) Lair:4        Snake (3/4) Lair:3        Slime (0/5) Lair:5
    Orc (2/2) D:11            Elf (0/3) Orc:2        Vaults (0/5) D:14
 Depths (0/5) D:15

Altars:
Ashenzari
Cheibriados
Dithmenos
Elyvilon
Fedhas
Gozag
Hepliaklqana
Kikubaaqudgha
Makhleb
Nemelex Xobeh
Okawaru
Qazlal
Ru
Sif Muna
Trog
Uskayaw
Vehumet
Wu Jian
Xom
Yredelemnul
Zin
The Shining One
Beogh

Shops:
D:9 (   D:10 !   Orc:2 =(*[   Snake:1 :=:   Snake:2 [

Annotations:
Swamp:1 Roxanne
Swamp:3 3 runed translucent doors, Ge0ff's ghost, adept DDFi


Innate Abilities, Weirdness & Mutations

You are amphibious.
You cover ground slowly.
You can hop long distances.
You have an extended range of vision and can be seen from far away.


Message History

Wisps of shadow whirl around you...
The salamander tyrant gazes fiercely through you!
You feel as though you will be weak longer.
Unknown command.
Casting: Shadow Creatures (dangerous; 4% risk of failure)
Confirm with . or Enter, or press ? or * to list all spells.
Wisps of shadow whirl around you...
The salamander tyrant barely misses you.
Your black mamba bites the salamander tyrant!
The salamander tyrant is poisoned.
Your black mamba poisons the salamander tyrant!
The salamander tyrant gazes fiercely through you!
You feel as though you will be weak longer.
The salamander tyrant barely misses you.
Unknown command.
You slice the salamander tyrant!!
The salamander tyrant is severely wounded.
Your black mamba bites the salamander tyrant!
The salamander tyrant looks as sick as possible!
Your black mamba poisons the salamander tyrant!
The salamander tyrant gazes fiercely through your black mamba!
Your black mamba looks weaker.
The salamander tyrant hits your black mamba.
Your black mamba is engulfed in flames!!
Your shock serpent bites the salamander tyrant.
Your shock serpent shocks the salamander tyrant!
The salamander tyrant dies!
Okawaru accepts your kill.
The salamander tyrant gazes fiercely through you!
You feel as though you will be weak longer.
The salamander tyrant completely misses your black mamba.
Your black mamba bites the salamander tyrant.
The salamander tyrant hits your shock serpent.
Your shock serpent is engulfed in flames!!
Your shock serpent's electric aura discharges, shocking the salamander tyrant!
Your black mamba bites the salamander tyrant.
Your black mamba closely misses the salamander tyrant.
The salamander tyrant rends the earth beneath you!
The blast of magma engulfs you!!!
You die...

...............#######..#####....
.........###....## #..# ##.....
......#### ##....# #..# #......
.......### ##)..### #### #######
.........######....##########
...........#..)<..###§#§#≈#≈#≈#≈#
.................###...§)........
..............##.##.......#≈#≈#≈.
.##########).##.@#..#≈#§§#≈## .#
#.)##..'.#≈≈≈#.§## .#
##..##..'.≈≈≈≈§.## .#
#####...##..†.#≈≈≈#§≈## ≈
.#####.......#####SS#§#.§#§#####≈
..............# ##N......#≈#≈#NN
.....###......## ##....N≈)...§..
#..### ##......# ####§#≈#≈#≈#§#≈#
##..## ##.....###.##############


You could see 2 salamander tyrants, a friendly shock serpent (summoned) and a
friendly black mamba (summoned, weak).

Vanquished Creatures
  Agnes (D:14)
  2 orc warlords
  Aizul (Snake:1)
  2 bunyips
  A minotaur (shapeshifter) (D:14)
  2 eleionomae
  4 hydras
  Harold (D:9)
  An ogre mage (D:15)
  2 boulder beetles
  6 naga warriors
  A ghost crab (Swamp:2)
  A catoblepas (Lair:6)
  4 centaur warriors
  3 anacondas (Snake:1)
  An alligator (Swamp:2)
  7 two-headed ogres
  The ghost of Lanoc the Frost Mage, a journeyman DsIE of Dithmenos (D:11)
  10 death yaks
  3 orc high priests (Orc:2)
  3 naga sharpshooters (Snake:2)
  3 shock serpents
  A salamander mystic (Snake:3)
  2 spriggan druids
  3 naga ritualists
  2 swamp dragons (Swamp:1)
  3 bog bodies (Swamp:1)
  5 lindwurms
  A necromancer (D:14)
  3 orc knights
  2 oklob plants
  6 salamanders
  5 mana vipers
  4 cyclopes
  6 orc sorcerers
  5 elephants
  A manticore (Lair:6)
  4 naga magi
  Maurice (D:9)
  13 black mambas
  5 cane toads
  A rime drake (Lair:2)
  An unseen horror (D:11)
  2 kobold demonologists (D:14)
  An efreet (D:13)
  3 komodo dragons
  A bloated husk (Swamp:3)
  3 trolls
  10 tyrant leeches
  2 hornets (Swamp:1)
  8 blink frogs
  3 slime creatures
  A centaur simulacrum (D:15)
  3 wraiths
  5 wyverns
  4 spriggans
  2 vampires
  15 yaks
  2 hogs
  3 basilisks
  A steam dragon (D:9)
  6 vampire mosquitoes
  16 nagas
  4 swamp worms
  5 water moccasins
  A warg (Orc:1)
  2 acid dragons (D:12)
  Duvessa (D:5)
  22 nameless horrors
  2 black bears (D:6)
  32 orc warriors
  2 sky beasts
  4 wolves
  8 ogres
  A phantom (D:5)
  9 centaurs
  2 kobold brigands
  17 bullfrogs
  3 scorpions
  Dowan (D:5)
  15 killer bees
  6 electric eels
  3 howler monkeys
  2 centaur zombies
  6 hounds
  2 gnoll shamans
  2 jellies
  24 orc priests
  An iguana (D:6)
  22 orc wizards
  2 hell rats (Lair:5)
  A howler monkey zombie (D:8)
  8 gnolls
  4 adders
  A worm (D:5)
  A dart slug (D:2)
  51 orcs
  11 endoplasms
  2 giant cockroaches
  4 goblins
  3 hobgoblins
  9 jackals
  5 kobolds
  4 ball pythons
  A frilled lizard (D:1)
  A rat (D:1)
532 creatures vanquished.

Vanquished Creatures (collateral kills)
  Vashnia (Snake:2)
  A tentacled monstrosity (Swamp:3)
  Kirke (D:13)
  2 fenstrider witches (Swamp:3)
  A nagaraja (Snake:3)
  An orc warlord (Orc:2)
  2 bunyips
  Josephine (D:13)
  An eleionoma (Swamp:2)
  2 naga warriors (Snake:2)
  A shambling mangrove (Swamp:1)
  4 salamander tyrants
  15 hydras
  5 catoblepae
  5 boulder beetles
  A centaur warrior (D:13)
  A ghost crab (Swamp:2)
  2 anacondas
  3 death yaks
  Erica (D:9)
  4 alligators
  A tengu warrior (D:13)
  5 two-headed ogres
  An orc high priest (Orc:2)
  3 naga sharpshooters (Snake:2)
  A spriggan berserker (Swamp:1)
  2 slime creatures
  A death drake (Swamp:1)
  A goliath frog (Swamp:1)
  A spriggan druid (Swamp:3)
  4 salamander mystics
  5 bog bodies
  A naga ritualist (Snake:1)
  4 swamp dragons (Swamp:1)
  A wizard (D:14)
  An orc knight (Orc:2)
  An orc sorcerer (Orc:2)
  A wolf spider (D:15)
  11 salamanders
  6 mana vipers
  2 manticores
  3 elephants (Lair:5)
  5 black mambas
  A guardian serpent (Snake:3)
  6 cane toads
  A naga mage (Snake:3)
  2 kobold demonologists
  A rime drake (Lair:5)
  5 komodo dragons
  4 trolls
  2 polar bears
  A queen bee (D:9)
  4 tyrant leeches
  5 hornets
  14 blink frogs
  21 yaks
  4 spriggans
  2 wraiths (D:13)
  2 basilisks
  A wyvern (Lair:4)
  Grum (D:9)
  2 wargs (Orc:1)
  4 swamp worms
  2 vampire mosquitoes
  9 nagas
  8 water moccasins
  3 nameless horrors
  A swamp drake (Swamp:3)
  20 orc warriors
  2 black bears
  2 ogres
  A wolf (Lair:4)
  2 centaurs
  A kobold brigand (D:14)
  Blork the orc (D:4)
  3 bullfrogs
  2 gnoll sergeants
  A scorpion (D:9)
  13 killer bees
  A howler monkey (D:11)
  2 jellies (D:6)
  2 centaur zombies
  3 hounds
  5 orc priests
  Natasha (thrice) (D:4)
  5 orc wizards
  3 hell rats (Lair:5)
  A hound zombie (D:5)
  2 hound skeletons
  7 gnolls
  An adder (D:4)
  A shadow imp (D:4)
  An adder skeleton (D:4)
  A worm (D:2)
  A dart slug (D:2)
  30 orcs
  11 endoplasms
  A giant cockroach (D:2)
  7 jackals
  A quokka (D:1)
  3 ball pythons
  A frilled lizard (D:1)
  2 goblins
  A kobold (D:1)
  A rat (D:1)
367 creatures vanquished.

Vanquished Creatures (others)
  A hydra (Swamp:3)
  A spriggan druid (Swamp:3)
  A salamander (Snake:2)
  A bloated husk (Swamp:2)
  A tyrant leech (Swamp:2)
  4 humans (D:13)
  2 orc wizards
  An orc (Orc:2)
  12 foxfires
  68 fungi
  106 plants
  A snaplasher vine (Snake:3)
199 creatures vanquished.

Grand Total: 1098 creatures vanquished

Notes
Turn   | Place    | Note
-------+----------+-------------------------------------------
     0 | D:1      | tilp the Barachi Summoner began the quest for the Orb.
     0 | D:1      | Reached XP level 1. HP: 13/13 MP: 3/3
   204 | D:1      | Reached skill level 1 in Fighting
   569 | D:1      | Reached XP level 2. HP: 22/22 MP: 0/5
   835 | D:2      | Learned a level 2 spell: Call Imp
  1255 | D:2      | Reached skill level 5 in Summonings
  1590 | D:2      | Reached XP level 3. HP: 27/27 MP: 2/6
  1594 | D:2      | Learned a level 3 spell: Call Canine Familiar
  2940 | D:3      | Found a faded altar of an unknown god.
  3012 | D:3      | Noticed a sky beast
  3023 | D:3      | Killed a sky beast
  3024 | D:3      | Reached skill level 6 in Summonings
  3024 | D:3      | Reached XP level 4. HP: 4/34 MP: 1/8
  3891 | D:4      | Noticed Natasha
  3896 | D:4      | Reached XP level 5. HP: 36/39 MP: 6/9
  4166 | D:4      | Killed Natasha
  4174 | D:4      | Noticed Natasha
  4347 | D:4      | Killed Natasha
  4449 | D:4      | Noticed Natasha
  4460 | D:4      | Killed Natasha
  4693 | D:4      | Noticed Blork the orc
  4702 | D:4      | Killed Blork the orc
  4703 | D:4      | Reached XP level 6. HP: 47/47 MP: 1/10
  5157 | D:5      | Entered Level 5 of the Dungeon
  5362 | D:5      | Reached skill level 1 in Evocations
  5362 | D:5      | Reached XP level 7. HP: 37/54 MP: 1/11
  5643 | D:5      | Noticed Duvessa
  5643 | D:5      | Noticed Dowan
  5675 | D:5      | Killed Duvessa
  5691 | D:5      | Killed Dowan
  6529 | D:6      | Found a staircase to the Ecumenical Temple.
  6541 | D:6      | Reached skill level 7 in Summonings
  6541 | D:6      | Reached XP level 8. HP: 60/60 MP: 8/13
  6549 | Temple   | Entered the Ecumenical Temple
  6684 | Temple   | Became a worshipper of Warmaster Okawaru
  6734 | D:6      | Learned a level 3 spell: Summon Guardian Golem
  6793 | D:6      | Identified the ring "Quaren" {Will+ EV+4}
  6808 | D:6      | Found a shimmering blue altar of Sif Muna.
  7156 | D:6      | Reached skill level 8 in Summonings
  7156 | D:6      | Reached skill level 1 in Invocations
  7446 | D:6      | Noticed an oklob plant
  7804 | D:6      | Noticed a nameless horror
  7949 | D:6      | Killed a nameless horror
  8242 | D:7      | Reached * piety under Okawaru
  8868 | D:7      | Learned a level 4 spell: Summon Ice Beast
  9073 | D:8      | Noticed a yak
  9073 | D:8      | Noticed a yak
  9088 | D:8      | Noticed a yak
  9094 | D:8      | Killed a yak
  9095 | D:8      | Reached skill level 1 in Ice Magic
  9104 | D:8      | Killed a yak
  9105 | D:8      | Reached XP level 9. HP: 47/65 MP: 11/15
  9326 | D:8      | Reached ** piety under Okawaru
  9327 | D:8      | Reached skill level 9 in Summonings
  9640 | D:8      | Noticed a lindwurm
  9640 | D:8      | Noticed a lindwurm
  9642 | D:8      | Noticed a lindwurm
  9642 | D:8      | Noticed a lindwurm
  9647 | D:8      | Killed a lindwurm
  9648 | D:8      | Reached skill level 10 in Summonings
  9648 | D:8      | Killed a lindwurm
  9648 | D:8      | Reached *** piety under Okawaru
  9648 | D:8      | Killed a lindwurm
  9649 | D:8      | Reached skill level 11 in Summonings
  9649 | D:8      | Reached XP level 10. HP: 24/71 MP: 15/19
  9649 | D:8      | Killed a lindwurm
  9650 | D:8      | Reached skill level 12 in Summonings
 10639 | D:8      | Identified the +0 flail of the Solstice {freeze, *Noise
                  | +Blink rN+++ Int+4}
 10715 | D:9      | Reached skill level 5 in Fighting
 10726 | D:9      | Found a staircase to the Lair.
 10736 | D:9      | Reached **** piety under Okawaru
 11003 | D:9      | Identified the +0 tower shield of the Catfish {-Tele +Inv
                  | rF++ rCorr}
 11427 | D:9      | Noticed Erica
 11444 | D:9      | Killed Erica
 11445 | D:9      | Reached skill level 5 in Dodging
 11570 | D:9      | Noticed Maurice
 11582 | D:9      | Killed Maurice
 11619 | D:9      | Reached skill level 5 in Invocations
 11687 | D:9      | Found Luge's Antique Weapon Shoppe.
 11890 | D:9      | Bought an encrusted trident for 153 gold pieces
 11890 | D:9      | Identified the +4 trident "Zedysax" {flame, rC+} (You
                  | bought it in a shop on level 9 of the Dungeon)
 12018 | D:9      | Noticed Grum
 12018 | D:9      | Noticed a kobold demonologist
 12032 | D:9      | Killed a kobold demonologist
 12038 | D:9      | Killed Grum
 12038 | D:9      | Reached ***** piety under Okawaru
 12161 | D:9      | Reached XP level 11. HP: 85/85 MP: 17/20
 12372 | D:9      | Learned a level 4 spell: Summon Lightning Spire
 12510 | D:9      | Noticed Harold
 12537 | D:9      | Killed Harold
 12537 | D:9      | Received a gift from Okawaru
 12925 | D:10     | Entered Level 10 of the Dungeon
 13171 | D:10     | Noticed a two-headed ogre
 13178 | D:10     | Killed a two-headed ogre
 13219 | D:10     | Found Sycem's Distillery.
 13223 | D:10     | Bought a potion of heal wounds for 65 gold pieces
 13223 | D:10     | Bought a potion of heal wounds for 65 gold pieces
 13223 | D:10     | Bought a potion of curing for 39 gold pieces
 13223 | D:10     | Bought a potion of curing for 39 gold pieces
 13223 | D:10     | Bought a potion of cancellation for 104 gold pieces
 13944 | D:11     | Found a runed translucent gate.
 13945 | D:11     | Found a runed translucent gate.
 13946 | D:11     | Found a runed translucent gate.
 13950 | D:11     | Noticed Lanoc's ghost (journeyman DsIE)
 14335 | D:11     | Noticed a two-headed ogre
 14395 | Lair:1   | Entered Level 1 of the Lair of Beasts
 14395 | Lair:1   | Noticed an eight-headed hydra
 14407 | Lair:1   | Killed an eight-headed hydra
 14407 | Lair:1   | Received a gift from Okawaru
 14408 | Lair:1   | Reached skill level 1 in Air Magic
 14685 | Lair:1   | Noticed a six-headed hydra
 14691 | Lair:1   | Killed a six-headed hydra
 16135 | Lair:2   | Noticed a four-headed hydra
 16143 | Lair:2   | Killed a four-headed hydra
 16300 | Lair:2   | Reached skill level 13 in Summonings
 16545 | Lair:2   | Reached ****** piety under Okawaru
 16617 | Lair:2   | Noticed a boulder beetle
 16655 | Lair:2   | Killed a boulder beetle
 16655 | Lair:2   | Received a gift from Okawaru
 16981 | Lair:2   | Reached XP level 12. HP: 80/92 MP: 9/21
 17488 | Lair:2   | Reached skill level 14 in Summonings
 17958 | Lair:3   | Noticed a four-headed hydra
 17965 | Lair:3   | Killed a four-headed hydra
 18049 | Lair:3   | Found a staircase to the Snake Pit.
 18552 | Lair:3   | Identified the -3 buckler of Sunlight {Harm Str+2} (Okawaru
                  | gifted it to you on level 3 of the Lair of Beasts)
 18552 | Lair:3   | Received a gift from Okawaru
 18797 | D:9      | Identified the +6 flail of Veemes {speed, +Rage}
 19333 | Lair:4   | Reached skill level 15 in Summonings
 19391 | Lair:4   | Noticed a five-headed hydra
 19411 | Lair:3   | Reached skill level 1 in Polearms
 19802 | Lair:4   | Noticed a seven-headed hydra
 20124 | Lair:4   | Noticed a six-headed hydra
 20135 | Lair:4   | Killed a six-headed hydra
 20288 | Lair:4   | Identified the +9 scimitar "Foqics" {flame, *Rage rElec
                  | Int+3}
 20383 | Lair:4   | Killed a two-headed hydra
 20384 | Lair:4   | Reached skill level 1 in Armour
 20554 | Lair:4   | Killed a three-headed hydra
 21213 | Lair:4   | Noticed a seven-headed hydra
 21222 | Lair:4   | Killed a five-headed hydra
 21657 | Lair:4   | Found a staircase to the Swamp.
 21810 | Lair:4   | Reached skill level 5 in Polearms
 22235 | Lair:5   | Received a gift from Okawaru
 22359 | Lair:5   | Gained mutation: You can hop long distances. [Barachi
                  | growth]
 22359 | Lair:5   | Reached XP level 13. HP: 91/101 MP: 5/22
 22677 | Lair:5   | Found a staircase to the Slime Pits.
 23649 | Lair:6   | Entered Level 6 of the Lair of Beasts
 23676 | Lair:5   | Reached skill level 10 in Fighting
 23772 | Lair:5   | Received a gift from Okawaru
 25351 | Lair:6   | Identified the +1 scale mail of Zerik {Regen+ Int+3 Dex+3}
                  | (Okawaru gifted it to you on level 6 of the Lair of Beasts)
 25351 | Lair:6   | Received a gift from Okawaru
 25927 | Lair:6   | Reached skill level 5 in Armour
 26047 | Lair:6   | Reached skill level 5 in Evocations
 27205 | Lair:6   | Reached XP level 14. HP: 102/110 MP: 3/23
 27544 | Lair:6   | Received a gift from Okawaru
 28588 | D:6      | Got Sif Muna's Disquisition on Black Magic
 28591 | D:6      | Got Sif Muna's Almanac of Air
 28593 | D:6      | Got Sif Muna's Disquisition on Arcane Weapons
 28682 | D:6      | Reached skill level 1 in Axes
 28982 | D:11     | Received a gift from Okawaru
 29675 | D:11     | Found a staircase to the Orcish Mines.
 30063 | D:11     | Killed Lanoc's ghost
 30064 | D:11     | Reached skill level 5 in Axes
 30251 | Orc:1    | Entered Level 1 of the Orcish Mines
 30424 | Orc:1    | Found a burning altar of Makhleb.
 30500 | Orc:2    | Entered Level 2 of the Orcish Mines
 30506 | Orc:2    | Noticed an orc warlord
 30526 | Orc:2    | Killed an orc warlord
 30876 | Orc:2    | Found a staircase to the Elven Halls.
 32222 | Orc:1    | Noticed an orc warlord
 32250 | Orc:1    | Killed an orc warlord
 32940 | Orc:2    | Found a bloodstained altar of Trog.
 32983 | Orc:2    | Noticed an orc warlord
 33430 | Orc:2    | Reached skill level 10 in Polearms
 33582 | Orc:2    | Killed an orc warlord
 33582 | Orc:2    | Received a gift from Okawaru
 34693 | Orc:2    | Found Qaberr's General Store.
 34694 | Orc:2    | Found Dyamuuso's Jewellery Shop.
 34697 | Orc:2    | Found Anewipta's Antique Armour Boutique.
 34697 | Orc:2    | Found Ytoamoucug's Antique Weapon Boutique.
 34906 | Orc:2    | Bought a runed cloak for 157 gold pieces
 34917 | Orc:2    | Bought 2 potions of curing for 78 gold pieces
 35419 | D:12     | Reached XP level 15. HP: 106/115 MP: 10/24
 36355 | D:13     | Noticed Kirke
 36371 | D:13     | Killed Kirke
 36816 | D:13     | Noticed Josephine
 36827 | D:13     | Killed Josephine
 37563 | D:14     | Received a gift from Okawaru
 37708 | D:14     | Found a gate to the Vaults.
 38085 | D:14     | Found a shadowy altar of Dithmenos.
 38541 | D:15     | Entered Level 15 of the Dungeon
 38690 | D:15     | Found a staircase to the Depths.
 38845 | D:15     | Noticed Agnes
 39004 | D:15     | Found a blossoming altar of Fedhas.
 39121 | D:14     | Killed Agnes
 40255 | D:15     | Reached skill level 10 in Invocations
 40793 | Snake:1  | Entered Level 1 of the Snake Pit
 41988 | Snake:1  | Identified the +5 glaive of the Snake Pit {chaos, rPois}
                  | (Okawaru gifted it to you on level 1 of the Snake Pit)
 41988 | Snake:1  | Received a gift from Okawaru
 42370 | Snake:1  | Found Zamoutud's Book Emporium.
 42370 | Snake:1  | Found Xuvusame's Jewellery Boutique.
 42371 | Snake:1  | Found Zitudwac's Book Emporium.
 42385 | Snake:1  | Bought a book of Dreams for 1050 gold pieces
 42396 | Snake:1  | Learned a level 6 spell: Shadow Creatures
 42802 | Snake:1  | Noticed Aizul
 42814 | Snake:1  | Killed Aizul
 43036 | Snake:2  | Reached XP level 16. HP: 122/122 MP: 4/25
 43614 | Snake:2  | Noticed Vashnia
 43867 | Swamp:1  | Entered Level 1 of the Swamp
 44016 | Swamp:1  | Received a gift from Okawaru
 44347 | Swamp:1  | Reached skill level 15 in Polearms
 45181 | Swamp:1  | Identified Roxanne's Collected Works on Earth
 45181 | Swamp:1  | Noticed Roxanne
 47363 | Swamp:2  | Received a gift from Okawaru
 47542 | Swamp:2  | Identified a scroll of acquirement
 47542 | Swamp:2  | Acquired a book of Summonings
 47550 | Swamp:2  | Learned a level 5 spell: Summon Forest
 47558 | Swamp:2  | Learned a level 5 spell: Summon Mana Viper
 47820 | Swamp:2  | Identified the ring "Kask" {rPois rCorr Int+7 Dex-4}
 48028 | Swamp:3  | Found an opulent altar of Gozag.
 48051 | Swamp:3  | Upgraded the game from 0.27-a0-1325-g58a489ad9e to
                  | 0.27-a0-1332-g84bddb5ca7
 48322 | Swamp:3  | Identified the +10 glaive of the Messenger {vorpal, rElec
                  | Dex+4 SInv}
 48322 | Swamp:3  | Noticed a fenstrider witch
 48331 | Swamp:3  | Killed a fenstrider witch
 48697 | Swamp:3  | Noticed a tentacled monstrosity
 48705 | Swamp:3  | Killed a tentacled monstrosity
 48706 | Swamp:3  | Reached skill level 1 in Hexes
 48706 | Swamp:3  | Reached skill level 1 in Translocations
 48873 | Swamp:3  | Noticed a fenstrider witch
 48920 | Swamp:3  | Found a runed translucent gate.
 48920 | Swamp:3  | Found a runed translucent gate.
 48920 | Swamp:3  | Found a runed translucent gate.
 48921 | Swamp:3  | Noticed Ge0ff's ghost (adept DDFi)
 48966 | Swamp:3  | Killed a fenstrider witch
 49867 | Snake:2  | Received a gift from Okawaru
 49872 | Snake:2  | Found Aqax's Armour Boutique.
 50924 | Snake:2  | HP: 5/127 [Vashnia/arrow (10)]
 50925 | Snake:2  | Killed Vashnia
 50926 | Snake:2  | Reached XP level 17. HP: 29/133 MP: 12/27
 52543 | Snake:3  | Reached skill level 16 in Summonings
 53072 | Snake:3  | Received a gift from Okawaru
 54400 | Snake:3  | Killed from afar by a salamander tyrant

Illustrated notes

Levels and vault maps discovered:
D:1:      onia_arrival_mini_spirals, layout_basic
D:2:      layout_basic, grunt_ministairs_11
D:3:      layout_basic, hellmonk_ecumenical_altar_leap_of_faith,
          minmay_hedge_maze
D:4:      layout_rooms, minmay_misc_feat_tiny, uniq_natasha, uniq_blork_the_orc
D:5:      layout_basic, st_stairs_10, uniq_duvessa
D:6:      lemuel_slime, layout_rooms, nicolae_sif_muna_little_library,
          minmay_temple_entry_drinking_statues, hangedman_decor_peaks_small
D:7:      layout_loops_ring, kennysheep_decorative_pillar
D:8:      layout_basic, eino_small_chamber_without_monster,
          mrwooster_statue_mirror, minmay_misc_feat_nine_boxes,
          chequers_arboretum, minmay_lindwurm_lava
D:9:      layout_basic, due_lair_maze_entry_diamond, special_room
          [special_room_bee], serial_shops, nicolae_square_shop,
          minmay_starry_boxes, uniq_harold, uniq_maurice, uniq_erica, uniq_grum
D:10:     layout_cross, serial_gnoll_camp, gnoll_camp_mini_house,
          gnoll_camp_mini_doghouse, gnoll_camp_mini_basic, gnoll_camp_mini_shop
D:11:     layout_grid_maze, orc_0_dummy, gammafunk_ghost_split
D:12:     layout_loops_cross, special_room [special_room_orc]
D:13:     layout_loops_cross, uniq_kirke, uniq_josephine
D:14:     layout_irregular_city, david_vaults_1, nicolae_dithmenos_the_darkroom,
          nicolae_sextant
D:15:     hangedman_depths_entry_try_elsewhere_first, layout_rooms,
          fedhas_altar_1, uniq_agnes
Temple:   compressed_dpeg_circular_temple
Lair:1:   layout_chaotic_city
Lair:2:   layout_roguey, serial_bayou_shore_b
Lair:3:   layout_roguey, guppyfry_snake_entry_garden,
          chequers_serial_rivers_micro_e, grunt_forest_small_clearings
Lair:4:   layout_concentric_octagons, nicolae_swamp_entry_splash_gauntlet,
          fungi_pond_lemuel, grunt_forest_stairs_clearing, grunt_megastairs_4
Lair:5:   nzn_winding_woodlands_medium [nzn_winding_woodlands_5x5_closed_star,
          nzn_winding_woodlands_5x15_pool, nzn_winding_woodlands_5x5_open_star,
          nzn_winding_woodlands_5x5_cross, nzn_winding_woodlands_center_lodge,
          nzn_winding_woodlands_5x5_perimeter,
          nzn_winding_woodlands_5x5_checkerboard,
          nzn_winding_woodlands_5x15_garden, nzn_winding_woodlands_hourglass],
          layout_loops_ring, slime_dummy, serial_bayou, serial_bayou_shore_b,
          serial_bayou_pond_c, serial_bayou_pond_a, serial_bayou_pond_e,
          serial_bayou_pond_d, serial_bayou_shore_a, lemuel_fruit_tree
Lair:6:   evilmike_catoblepas_cave, layout_misc_corridors, wad_woods_03
Swamp:1:  layout_falls_marsh, evilmike_swamp_ruin_rubble_2, swamp_pool1,
          st_swamp_ruins_3, infiniplex_staircase_pool, uniq_roxanne
Swamp:2:  layout_basic_swamp, evilmike_swamp_ruin_house_3
Swamp:3:  layout_basic_swamp, ebering_ghost_rock_garden, nicolae_swamp_godswood,
          swamp_pool1, hangedman_swamp_wriggling
Snake:1:  layout_chambers, minmay_shop_grove, uniq_aizul
Snake:2:  layout_gridlike, serial_shops, nicolae_shop_statue_plus,
          grunt_megastairs_5, uniq_vashnia
Snake:3:  cheibrodos_snake_lava_hold, layout_onion
Orc:1:    layout_caves, basic_altar, bloody_makhleb
Orc:2:    st_orc_congregation, layout_diamond_mine, david_defended_altar_orc

Skill      XL: |  1  2  3  4  5  6  7  8  9 10 11 12 13 14 15 16 17 |
---------------+----------------------------------------------------+-----
Fighting       | 1 2 3 4 7 8 9 10 12 | 12.0
Summonings     | 5 6 7 8 11 12 13 15 16 | 16.3
Spellcasting   | 3 4 6 7 8 |  8.4
Stealth        | 2 3 4 |  4.0
Dodging        | 3 4 6 7 8 |  8.0
Evocations     | 1 4 5 6 8 |  8.0
Invocations    | 4 5 8 9 10 | 10.0
Ice Magic      | 2 4 |  4.0
Air Magic      | 4 |  4.0
Polearms       | 5 8 11 14 15 | 15.4
Armour         | 4 6 |  6.0
Axes           | 7 |  7.8
Hexes          | 3 4 |  4.0
Translocations | 3 4 |  4.0

Action                   |  1- 3 |  4- 6 |  7- 9 | 10-12 | 13-15 | 16-18 || total
-------------------------+-------+-------+-------+-------+-------+-------++-------
Melee: Spear             |    85 |       |       |    14 |       |       ||    99
       Unarmed           |     3 |       |       |       |       |       ||     3
       Mace              |    14 |    66 |    38 |     6 |       |       ||   124
       Dagger            |       |       |   172 |    92 |       |       ||   264
       Punch             |       |       |     1 |     1 |     4 |       ||     6
       Trident           |       |       |       |   458 |  1464 |       ||  1922
       Scimitar          |       |       |       |    18 |    19 |       ||    37
       Glaive            |       |       |       |       |   105 |   477 ||   582
Throw: Dart              |       |       |     4 |       |       |     2 ||     6
 Cast: Summon Small Mamm |    30 |       |       |       |       |       ||    30
       Call Imp          |    32 |    26 |    24 |       |       |       ||    82
       Call Canine Famil |     1 |     8 |    24 |     3 |     7 |     2 ||    45
       Summon Ice Beast  |       |       |       |   127 |   260 |    15 ||   402
       Summon Guardian G |       |       |       |     1 |       |       ||     1
       Summon Lightning  |       |       |       |    30 |    89 |    17 ||   136
       Shadow Creatures  |       |       |       |       |     6 |   128 ||   134
       Summon Forest     |       |       |       |       |       |    22 ||    22
Invok: Heroism           |       |       |     1 |     6 |    31 |     4 ||    42
 Abil: Hop               |       |     1 |     3 |     6 |    15 |    16 ||    41
Evoke: Wand              |       |       |     6 |     8 |    15 |     1 ||    30
       Box of beasts     |       |       |       |     1 |     2 |     1 ||     4
       Phantom mirror    |       |       |       |       |     1 |       ||     1
       Lightning rod     |       |       |       |       |     3 |       ||     3
  Use: Scroll            |     2 |     7 |     7 |    10 |    14 |     6 ||    46
       Potion            |       |       |       |     5 |     3 |     2 ||    10
 Stab: Sleeping          |     4 |       |     1 |     2 |       |       ||     7
       Distracted        |     1 |       |     4 |     4 |    33 |     7 ||    49
Armor: Robe              |    25 |       |       |       |       |       ||    25
       Ring mail         |       |    33 |    73 |   273 |       |       ||   379
       Skin              |       |       |       |    16 |       |       ||    16
       Leather armour    |       |       |       |     8 |    74 |       ||    82
       Scale mail        |       |       |       |       |   449 |   181 ||   630
Dodge: Dodged            |    65 |    54 |   149 |   630 |  1012 |   293 ||  2203
Block: Other             |       |       |       |     5 |   307 |    80 ||   392
       Reflection        |       |       |       |       |    11 |    10 ||    21
       Rpst.: Scimitar   |       |       |       |     6 |     7 |       ||    13

Table legend: (Time is in decaauts)
 A = Elapsed time spent in this place.
 B = Non-inter-level travel time spent in this place.
 C = Inter-level travel time spent in this place.
 D = Time resting spent in this place.
 E = Time spent auto-exploring this place.
 F = Levels seen in this place.
 G = Mean time per level.
                   A        B        C        D        E       F      G
               +--------+--------+--------+--------+--------+-----+--------+
         Total |  58456 |  54554 |   3902 |  16842 |  29321 |  30 | 1948.5 |
       Dungeon |  24018 |  22281 |   1737 |   3949 |  15031 |  15 | 1601.2 |
        Temple |    171 |    131 |     40 |      0 |    128 |   1 |  171.0 |
          Lair |  15916 |  14753 |   1163 |   6031 |   6850 |   6 | 2652.7 |
         Swamp |   4876 |   4692 |    184 |   1707 |   2189 |   3 | 1625.3 |
     Snake Pit |   8514 |   8002 |    512 |   3175 |   3514 |   3 | 2838.0 |
  Orcish Mines |   4958 |   4695 |    263 |   1979 |   1607 |   2 | 2479.0 |
               +--------+--------+--------+--------+--------+-----+--------+

Top non-repeatable levels by time:
  Lair:5: 3654 daAuts
   Orc:2: 3541 daAuts
  Lair:4: 3021 daAuts
 Snake:1: 2968 daAuts
  Lair:6: 2937 daAuts
     D:9: 2883 daAuts
 Snake:3: 2874 daAuts
 Snake:2: 2671 daAuts
    D:14: 2554 daAuts
  Lair:3: 2432 daAuts
  Lair:2: 2360 daAuts
    D:11: 2236 daAuts
 Swamp:1: 2067 daAuts
     D:8: 2052 daAuts
     D:2: 2024 daAuts
